 Dungeon Crawl Stone Soup version 0.29.0-4-gdea44cf6ec (webtiles) character file.

Game seed: 11765473606092008114

116 qw the Ruffian (level 4, -2/44 HPs)
             Began as a Troll Cinder Acolyte on Sept 1, 2022.
             Was a High Priest of Ignis.
             Slain by Sigmund
             ... wielding a +0 scythe
              (7 damage)
             ... on level 3 of the Dungeon.
             The game lasted 00:00:50 (1754 turns).

qw the Ruffian (Troll Cinder Acolyte)               Turns: 1754, Time: 00:00:50

Health: -2/44      AC:  4    Str: 24    XL:     4   Next: 70%
Magic:  4/4        EV:  9    Int: 10    God:    Ignis [*****.]
Gold:   93         SH:  0    Dex:  5    Spells: 5/5 levels left

rFire   + . .      SeeInvis .     - Unarmed
rCold   . . .      Faith    .   (no shield)
rNeg    . . .      Spirit   .   a - +0 robe
rPois   .          Reflect  .   (helmet restricted)
rElec   .          Harm     .   (no cloak)
rCorr   .          Rampage  .   (gloves unavailable)
Will    .....                   (boots unavailable)
Stlth   +.........              (no amulet)
HPRegen 0.94/turn               (no ring)
MPRegen 0.09/turn               (no ring)

@: confused
A: large, unfitting armour, claws 3, regeneration 1, shaggy fur 1, tough skin 1
a: Renounce Religion, Fiery Armour, Foxfire Swarm, Rising Flame


You were on level 3 of the Dungeon.
You worshipped Ignis.
Ignis was extremely pleased with you.
You visited 1 branch of the dungeon, and saw 3 of its levels.

You collected 93 gold pieces.


Innate Abilities, Weirdness & Mutations

You are too large for most types of armour.
You have claws for hands.
Your natural rate of healing is unusually fast.
You are covered in fur. (AC +1)
You have tough skin. (AC +1)


   Skills:
 - Level 2.4 Fighting
 + Level 5.5 Unarmed Combat
 - Level 1.0 Spellcasting
 - Level 2.1 Fire Magic


You had 5 spell levels left.
You didn't know any spells.
Your spell library contained the following spells:

 Spells                   Type           Power      Damage    Failure   Level
 Scorch                   Fire           8%         2d5       22%         2

Inventory:

Armour
 a - a +0 robe (worn)
Scrolls
 c - a scroll of identify
 f - a scroll of teleportation
Potions
 d - a potion of haste
 e - 3 potions of resistance
 g - a potion of lignification {unknown}
 j - a potion of cancellation {unknown}
 k - a potion of curing {unknown}

Dungeon Overview and Level Annotations

Branches:
Dungeon (3/15)

Altars:

Annotations:
D:3 Sigmund


Message History

Something hits you.
You closely miss something. You miss something. Something hits you.
You miss something. You miss something.
You hear some strange, mumbled words.
You are confused.
You're too confused to attack without stumbling around!
There is a strange disturbance nearby!
Something hits you.
You're too confused to attack without stumbling around!
There is a strange disturbance nearby!
You hear some strange, mumbled words.
You are more confused.
You're too confused to attack without stumbling around!
There is a strange disturbance nearby!
You hear some strange, mumbled words.
Something tries to affect you, but you resist.
You're too confused to attack without stumbling around!
There is a strange disturbance nearby!
You hear some strange, mumbled words.
A magic dart appears from out of thin air!
The magic dart hits you!
You're too confused to attack without stumbling around!
There is a strange disturbance nearby!
Something hits you.
You're too confused to attack without stumbling around!
There is a strange disturbance nearby!
You're too confused to attack without stumbling around!
There is a strange disturbance nearby!
Something hits you!
You're too confused to attack without stumbling around!
There is a strange disturbance nearby!
You hear some strange, mumbled words.
Something tries to affect you, but you resist.
You're too confused to attack without stumbling around!
There is a strange disturbance nearby!
Something hits you!
You die...

# #.###
###....#######
......{@.....#
######.#####.#
#. #.# #. #.#
#.# #.# #.#
#.# #.# #.#
#.# #.# #.#
#.#


There were no monsters in sight!

Vanquished Creatures
  Natasha (twice) (D:2)
  4 adders (D:2)
  A worm (D:2)
  2 ball pythons
  2 bats
  3 endoplasms
  4 giant cockroaches
  A goblin (D:2)
  3 hobgoblins (D:2)
  2 kobolds
  A quokka (D:1)
  2 frilled lizards (D:2)
  2 rats
29 creatures vanquished.

Notes
Turn   | Place    | Note
-------+----------+-------------------------------------------
     0 | D:1      | qw the Troll Cinder Acolyte began the quest for the Orb.
     0 | D:1      | Reached XP level 1. HP: 22/22 MP: 1/1
     0 | D:1      | 0 ||| qw: Version: 0.1-a-97-g2dd2ca4
     0 | D:1      | 0 ||| qw: Game counter: 4715
     0 | D:1      | 0 ||| qw: Always use a shield: true
     0 | D:1      | 0 ||| qw: God list: Okawaru
     0 | D:1      | 0 ||| qw: Allow faded altars: false
     0 | D:1      | 0 ||| qw: Do Orc after D:15 true
     0 | D:1      | 0 ||| qw: Do second Lair branch before Depths: true
     0 | D:1      | 0 ||| qw: Lair rune preference: random
     0 | D:1      | 0 ||| qw: Plans: Normal
     0 | D:1      | 0 ||| PLANNING D:1-11
   665 | D:1      | 665 ||| READING 3 scrolls labelled REMAUGHEMU.
   666 | D:1      | 666 ||| READING 3 scrolls labelled GEAV IROLAUKKA.
   670 | D:1      | 670 ||| READING scroll labelled ARHONW DECE.
   771 | D:1      | 771 ||| DRINKING 2 bubbling coppery potions.
   772 | D:1      | 772 ||| READING 2 scrolls of identify.
   772 | D:1      | 772 ||| IDENTIFYING fuming purple potion
   773 | D:1      | 773 ||| DROPPING potion of invisibility.
   796 | D:2      | 796 ||| Stepping ~*~*~tactically~*~*~ (stealth).
   800 | D:2      | Reached XP level 2. HP: 29/29 MP: 2/2
   801 | D:2      | 801 ||| Stepping ~*~*~tactically~*~*~ (stealth).
   823 | D:2      | Reached skill level 4 in Unarmed Combat
   823 | D:2      | Reached XP level 3. HP: 32/36 MP: 3/3
   837 | D:2      | 837 ||| Stepping ~*~*~tactically~*~*~ (stealth).
   980 | D:2      | Noticed Natasha
   981 | D:2      | 981 ||| Stepping ~*~*~tactically~*~*~ (hiding).
   990 | D:2      | 990 ||| INVOKING Fiery Armour.
   992 | D:2      | Killed Natasha
   993 | D:2      | Reached XP level 4. HP: 26/44 MP: 4/4
  1059 | D:2      | Reached skill level 5 in Unarmed Combat
  1304 | D:2      | Noticed Natasha
  1305 | D:2      | 1305 ||| Stepping ~*~*~tactically~*~*~ (hiding).
  1306 | D:2      | 1306 ||| Stepping ~*~*~tactically~*~*~ (hiding).
  1308 | D:2      | 1308 ||| Stepping ~*~*~tactically~*~*~ (hiding).
  1312 | D:2      | Killed Natasha
  1607 | D:2      | 1607 ||| READING scroll labelled YKLEACU VULE.
  1608 | D:2      | 1608 ||| READING scroll labelled GUDDIGRAMUSCH.
  1609 | D:2      | 1609 ||| READING scroll labelled XEDIWIURIG.
  1610 | D:2      | 1610 ||| READING 2 scrolls of identify.
  1610 | D:2      | 1610 ||| IDENTIFYING pink potion
  1611 | D:2      | 1611 ||| READING 2 scrolls of teleportation.
  1625 | D:3      | 1625 ||| PLANNING SEWER
  1703 | D:3      | Found a faded altar of an unknown god.
  1728 | D:3      | Noticed Sigmund
  1750 | D:3      | HP: 11/44 [something (2)]
  1752 | D:3      | HP: 3/44 [something (10)]
  1754 | D:3      | Slain by Sigmund

Levels and vault maps discovered:
D:1:      lemuel_arrival_rhombus, layout_loops_ring, minmay_liquid_box,
          kennysheep_decorative_pillar
D:2:      layout_basic, uniq_natasha
D:3:      layout_loops_ring, mainiacjoe_overflow_concentric_impassable,
          gammafunk_temple_overflow_pools, portal_sewer_entry_e,
          shapermc_ecumenical_altar_rom_forum, uniq_sigmund

Skill      XL: |  1  2  3  4 |
---------------+-------------+-----
Unarmed Combat | 4 5 |  5.5
Fighting       | |  2.4
Spellcasting   | |  1.0
Fire Magic     | |  2.1

Action                   |  1- 3 |  4- 6 || total
-------------------------+-------+-------++-------
Melee: Unarmed           |    34 |    42 ||    76
       Punch             |     2 |       ||     2
Invok: Fiery Armour      |     1 |       ||     1
  Use: Scroll            |     4 |     5 ||     9
       Potion            |     1 |       ||     1
Armor: Robe              |    11 |     9 ||    20
Dodge: Dodged            |    12 |    12 ||    24

Table legend:
 A = Non-vault XP
 B = Vault XP
 C = Vault XP percentage of total XP
 D = Non-vault monster count
 E = Vault monster count
 F = Vault count percentage of total count
                 A         B        C        D         E       F
            +---------+---------+-------+---------+---------+-------
      Total |     131 |      36 |  21.6 |      28 |       1 |   3.4
            +---------+---------+-------+---------+---------+-------
        D:1 |      11 |       0 |   0.0 |       6 |       0 |   0.0
        D:2 |     118 |      36 |  23.4 |      20 |       1 |   4.8
        D:3 |       2 |       0 |   0.0 |       2 |       0 |   0.0
            +---------+---------+-------+---------+---------+-------
